 Dungeon Crawl Stone Soup version 0.27-a0-522-g46bbb28828 (webtiles) character file.

Game seed: 12638404990203016500

388 gruber the Slicer (level 7, -1/61 HPs)
             Began as a Kobold Berserker on Mar 4, 2021.
             Was a Believer of Trog.
             Slain by a gnoll
             ... wielding a +0 spear
              (2 damage)
             ... on level 4 of the Dungeon.
             The game lasted 00:03:26 (3943 turns).

gruber the Slicer (Kobold Berserker)                Turns: 3943, Time: 00:03:27

Health: -1/61      AC:  5    Str: 21    XL:     7   Next: 7%
Magic:  7/7        EV: 20    Int:  8    God:    Trog [**....]
Gold:   167        SH:  0    Dex: 16    Spells: 6/6 levels left

rFire    . . .     SeeInvis .   a - +0 short sword
rCold    . . .     Faith    .   (shield restricted)
rNeg     . . .     Spirit   .   p - +0 ring mail
rPois    .         Reflect  .   (no helmet)
rElec    .         Harm     .   (no cloak)
rCorr    .         Rampage  .   (no gloves)
Will     .....                  (no boots)
Stlth    ..........             (no amulet)
HPRegen  0.20/turn              c - +6 ring of strength
MPRegen  0.10/turn              n - +4 ring of evasion

@: berserking, very quick
A: small, nightstalker 3
a: Renounce Religion, Berserk, Trog's Hand


You were on level 4 of the Dungeon.
You worshipped Trog.
Trog was pleased with you.
You visited 1 branch of the dungeon, and saw 5 of its levels.

You collected 167 gold pieces.

Inventory:

Hand Weapons
 a - a +0 short sword (weapon)
Missiles
 g - 20 poisoned darts (quivered)
Armour
 b - a +0 animal skin
 p - a +0 ring mail (worn)
Jewellery
 c - a +6 ring of strength (left hand)
 n - a +4 ring of evasion (right hand)
Wands
 q - a wand of polymorph (6)
Scrolls
 f - 7 scrolls of identify {unknown}
 h - a scroll of magic mapping {unknown}
 i - a scroll of amnesia {unknown}
 j - a scroll of teleportation {unknown}
 k - a scroll of enchant weapon {unknown}
 o - a scroll of random uselessness {unknown}
Potions
 d - a potion of heal wounds {unknown}
 e - a potion of cancellation {unknown}
 l - 3 potions of curing {unknown}
 m - 2 potions of resistance {unknown}


   Skills:
 - Level 3.2 Fighting
 - Level 8.1 Short Blades
 - Level 1.5 Armour
 * Level 5.4 Dodging


You had 6 spell levels left.
You didn't know any spells.
Your spell library was empty.

Dungeon Overview and Level Annotations

Branches:
Dungeon (5/15)
 Temple: D:4-7

Altars:


Innate Abilities, Weirdness & Mutations

You are small and have problems with some larger weapons.
You are completely attuned to the shadows.


Message History

a +0 halberd; 2 throwing nets; a gnoll corpse You hit the gnoll.
The gnoll is moderately wounded.
The gnoll barely misses you.
You hit the gnoll.
The gnoll is heavily wounded.
You hit the gnoll.
The gnoll is severely wounded.
The gnoll hits you with a +0 halberd!
* * * LOW HITPOINT WARNING * * *
The gnoll closely misses you.
You are too injured to fight recklessly!
You are too injured to fight recklessly!
You are too injured to fight recklessly!
You are too injured to fight recklessly!
A red film seems to cover your vision as you go berserk!
You feel yourself moving faster!
You feel mighty!
The gnoll hits you from afar with a +0 spear.
* * * LOW HITPOINT WARNING * * *
The gnoll hits you with a +0 halberd.
* * * LOW HITPOINT WARNING * * *
You hit the gnoll.
The gnoll is almost dead.
The gnoll barely misses you.
You hit the gnoll but do no damage.
The gnoll is almost dead.
The gnoll closely misses you.
You hit the gnoll.
You kill the gnoll!
Trog accepts your kill. The gnoll completely misses you.
Things that are here:
a +0 halberd; a gnoll corpse You barely miss the gnoll.
The gnoll hits you with a +0 spear.
* * * LOW HITPOINT WARNING * * *
You closely miss the gnoll. You puncture the gnoll!
The gnoll is almost dead.
The gnoll hits you with a +0 spear.
You die...

...)....g.....
..............
......g......>
####...# #####
###......#
#...##...#
###.####...# #.g.#
##### #@### #)#
#†# #########
#.########........
#..........#######
############


You could see a gnoll.

Vanquished Creatures
  An orc priest (D:2)
  A hound (D:4)
  3 iguanas
  3 orc wizards
  A worker ant (D:4)
  2 gnolls (D:4)
  5 adders
  2 oozes (D:1)
  5 worms
  A dart slug (D:1)
  2 leopard geckos (D:1)
  5 orcs
  5 bats
  3 giant cockroaches
  8 goblins
  4 hobgoblins
  5 jackals (D:1)
  A quokka (D:2)
  4 frilled lizards
  8 kobolds
  5 rats
74 creatures vanquished.

Notes
Turn   | Place    | Note
-------+----------+-------------------------------------------
     0 | D:1      | gruber the Kobold Berserker began the quest for the Orb.
     0 | D:1      | Reached XP level 1. HP: 14/14 MP: 1/1
   263 | D:1      | Reached XP level 2. HP: 8/19 MP: 2/2
   620 | D:1      | Reached skill level 5 in Short Blades
   725 | D:1      | Reached XP level 3. HP: 22/23 MP: 3/3
  1621 | D:2      | Reached skill level 6 in Short Blades
  1694 | D:2      | Reached XP level 4. HP: 26/28 MP: 4/4
  1726 | D:2      | Reached skill level 7 in Short Blades
  1726 | D:2      | Reached XP level 5. HP: 28/32 MP: 5/5
  1920 | D:2      | Reached ** piety under Trog
  2234 | D:2      | Reached skill level 8 in Short Blades
  2894 | D:3      | Reached XP level 6. HP: 34/37 MP: 6/6
  3340 | D:3      | You fall into a shaft and drop 2 floors!
  3340 | D:5      | Entered Level 5 of the Dungeon
  3496 | D:4      | Noticed an ogre
  3925 | D:4      | Reached skill level 5 in Dodging
  3925 | D:4      | Reached XP level 7. HP: 40/41 MP: 7/7
  3936 | D:4      | HP: 3/61 [gnoll/+0 spear (6)]
  3941 | D:4      | HP: 1/61 [gnoll/+0 spear (2)]
  3943 | D:4      | Slain by a gnoll

Illustrated notes

Levels and vault maps discovered:
D:1:      dpeg_arrival_brainrot, layout_basic
D:2:      layout_rooms
D:3:      layout_basic
D:4:      layout_rooms, fedhas_altar_fruit_tree, kiku_gazebo_pond_becter,
          serial_bayou_pond_e
D:5:      layout_gridville, grunt_temple_overflow_open, minitemple,
          serial_shops, shop_fountains, shop, shop, uniq_prince_ribbit1

Skill      XL: |  1  2  3  4  5  6 |
---------------+-------------------+-----
Short Blades   | 5 6 7 8 |  8.1
Dodging        | 5 |  5.4
Fighting       | |  3.2
Armour         | |  1.5

Action                   |  1- 3 |  4- 6 |  7- 9 || total
-------------------------+-------+-------+-------++-------
Melee: Short sword       |    70 |   169 |    15 ||   254
Invok: Berserk           |       |     1 |     1 ||     2
 Stab: Sleeping          |    14 |     7 |       ||    21
Armor: Animal skin       |     2 |     4 |       ||     6
       Ring mail         |       |    14 |       ||    14
Dodge: Dodged            |    36 |    98 |    12 ||   146

Table legend: (Time is in decaauts)
 A = Elapsed time spent in this place.
 B = Non-inter-level travel time spent in this place.
 C = Inter-level travel time spent in this place.
 D = Time resting spent in this place.
 E = Time spent auto-exploring this place.
 F = Levels seen in this place.
 G = Mean time per level.
                   A        B        C        D        E       F      G
               +--------+--------+--------+--------+--------+-----+--------+
         Total |   3882 |   3633 |    249 |    289 |   2880 |   5 |  776.4 |
       Dungeon |   3882 |   3633 |    249 |    289 |   2880 |   5 |  776.4 |
               +--------+--------+--------+--------+--------+-----+--------+

Top non-repeatable levels by time:
     D:1: 1673 daAuts
     D:2: 1020 daAuts
     D:3: 611 daAuts
     D:4: 508 daAuts
     D:5: 69 daAuts
